 Dungeon Crawl Stone Soup version 0.17-b1-15-g0f5fb43 (webtiles) character file.

2459 Eucla the Firebug (level 9, -14/62 HPs)
             Began as a Black Draconian Fire Elementalist on Nov 8, 2015.
             Was a Follower of Qazlal.
             Demolished by Eucla's ghost (33 damage)
             ... on level 8 of the Dungeon.
             The game lasted 00:16:42 (8015 turns).

Eucla the Firebug (DrFE)                            Turns: 8015, Time: 00:16:42

Health: -14/62     AC: 10    Str: 13    XL:     9   Next: 26%
Magic:  10/19      EV: 12    Int: 19    God:    Qazlal [*.....]
Gold:   450        SH:  1    Dex: 12    Spells: 4 memorised, 8 levels left

rFire  . . .     SeeInvis .     B - +1 whip "Fottues" {distort, MR+ Str+3}
rCold  . . .     Clarity  .     (armour unavailable)
rNeg   . . .     SustAt   .     (no shield)
rPois  .         Gourm    .     (helmet restricted)
rElec  +         Spirit   .     h - +0 cloak
rCorr  .         Warding  .     u - +0 pair of gloves
rMut   .         Stasis   .     m - +0 pair of boots
MR     +....                    (no amulet)
Stlth  ++........               D - ring of invisibility
                                (no ring)

@: somewhat resistant to hostile enchantments, unstealthy
A: breathe lightning, unfitting armour, electricity resistance, cold-blooded, AC
+7
a: Breathe Lightning, Renounce Religion, Evoke Invisibility


You were on level 8 of the Dungeon.
You worshipped Qazlal.
Qazlal was aware of your devotion.
You were not hungry.

You visited 2 branches of the dungeon, and saw 9 of its levels.
You also visited: Ossuary.

You collected 450 gold pieces.

Inventory:

Hand Weapons
 s - a +0 whip of venom
 t - a +0 glaive
 B - the +1 whip "Fottues" (weapon) {distort, MR+ Str+3}
   (You found it on level 6 of the Dungeon)

   It warps and distorts space around it.
   Unwielding it can cause banishment or high damage.
   It affects your strength (+3).
   It affects your resistance to hostile enchantments.
Armour
 h - a +0 cloak (worn)
 m - a +0 pair of boots (worn)
 u - a +0 pair of gloves (worn)
Magical Staves
 v - an uncursed staff of fire
 H - an uncursed staff of earth {unknown}
Jewellery
 j - a +4 ring of dexterity {unknown}
 D - a ring of invisibility (right hand)
Wands
 p - a wand of teleportation (5)
 r - a wand of magic darts (23)
 E - a wand of draining (11)
 F - a wand of fireball (8)
Scrolls
 g - 5 scrolls of teleportation
 k - 5 scrolls of identify
 l - 2 scrolls of magic mapping
 n - 3 scrolls of remove curse
 o - 3 scrolls of enchant armour {unknown}
 w - 3 scrolls of recharging {unknown}
 y - 2 scrolls of enchant weapon {unknown}
 A - a scroll of noise {unknown}
 C - a scroll of blinking {unknown}
 G - a scroll of amnesia {unknown}
Potions
 c - a potion of ambrosia {unknown}
 d - 2 potions of berserk rage {unknown}
 e - 7 potions of curing
 i - 2 potions of heal wounds {unknown}
 q - a potion of resistance {unknown}
 x - 2 potions of cancellation {unknown}
 z - 2 potions of agility {unknown}
Books
 a - a book of Flames

   Spells                             Type                      Level
   a - Flame Tongue                   Conjuration/Fire             1
   b - Throw Flame                    Conjuration/Fire             2
   c - Conjure Flame                  Conjuration/Fire             3
   d - Inner Flame                    Hexes/Fire                   3
   e - Sticky Flame                   Conjuration/Fire             4
   f - Fireball                       Conjuration/Fire             5
Comestibles
 b - 9 bread rations
 f - 3 meat rations


   Skills:
 - Level 1.7 Dodging
 - Level 1.7 Stealth
 + Level 6.9 Spellcasting
 + Level 7.4 Conjurations
 + Level 7.7 Fire Magic


You had 8 spell levels left.
You knew the following spells:

 Your Spells              Type           Power        Failure   Level  Hunger
a - Flame Tongue          Conj/Fire      #####        1%          1    None
b - Conjure Flame         Conj/Fire      #####...     1%          3    #......
c - Fireball              Conj/Fire      #####.....   14%         5    #####..
d - Sticky Flame          Conj/Fire      #####...     6%          4    ###....


Dungeon Overview and Level Annotations

Branches:
Dungeon (8/15)             Temple (1/1) D:4
   Lair: D:8-11

Altars:
Ashenzari
Cheibriados
Elyvilon
Fedhas
Gozag
Kikubaaqudgha
Nemelex Xobeh
Okawaru
Qazlal
Ru
Sif Muna
Trog
Xom

Annotations:
D:8 Eucla's ghost, novice OgBe


Innate Abilities, Weirdness & Mutations

You can breathe wild blasts of lightning.
Your glossy black scales are hard (AC +7).
Your body does not fit into most forms of armour.
You are resistant to electric shocks.
You are cold-blooded and may be slowed by cold attacks.


Message History

Aim: Eucla's ghost (flame, lightly damaged)
The flame tongue hits Eucla's ghost.
Eucla's ghost appears unharmed.
Eucla's ghost is lightly damaged.
Eucla's ghost is engulfed in roaring flames.
Eucla's ghost hits you!!
Casting: Flame Tongue
Confirm with . or Enter, or press ? or * to list all spells.
Aiming: Flame Tongue
Press: ? - help, Shift-Dir - straight line, f/p - Eucla's ghost
Aim: Eucla's ghost (flame, lightly damaged)
The flame tongue misses Eucla's ghost.
Eucla's ghost is engulfed in roaring flames.
Eucla's ghost hits you!!
* * * LOW HITPOINT WARNING * * *
Unknown command.
Eucla's ghost is engulfed in roaring flames.
Drink which item? (? for menu, Esc to quit)
It was a potion of curing.
You feel better. Eucla's ghost hits you!!
Ouch! That really hurt!
You die...

.............#
########.....#
###########.....#
..........#.....#
#########......#####
#####....>.#
#.###### #.# #@# #W#
#.# #ยง# #g# #o# #
#.# #. #)# #. #.#


You could see a gnoll shaman, Eucla's ghost and an orc.

Vanquished Creatures
  Grinder (D:5)
  Menkaure (D:5)
  Edmund (D:4)
  2 ice beasts
  The ghost of tijit the Magician, an amateur HEWz (D:3)
  4 centaurs
  Blork the orc (D:5)
  An elf zombie (Ossuary)
  3 giant frogs
  3 human zombies (Ossuary)
  2 centaur skeletons
  A giant frog zombie (D:5)
  3 hounds
  A jelly (D:7)
  2 iguanas
  Crazy Yiuf (D:4)
  4 crimson imps
  A killer bee zombie (D:7)
  10 worker ants
  A big kobold zombie (Ossuary)
  A hound skeleton (D:4)
  2 mummies (Ossuary)
  5 gnolls (D:8)
  2 worker ant zombies (D:6)
  2 shadow imps
  9 adders
  3 oozes
  An adder zombie (D:7)
  An adder skeleton (D:7)
  2 worms
  2 orcs
  7 goblins
  5 hobgoblins
  7 kobolds
  A quokka (D:5)
  A ball python (D:2)
  3 bats
  8 giant cockroaches
  7 giant geckos
  A giant gecko zombie (D:7)
  3 giant newts
  2 goblin zombies (Ossuary)
  10 hobgoblin zombies (Ossuary)
  2 jackals (D:5)
  2 jackal zombies (Ossuary)
  7 kobold zombies (Ossuary)
  11 orc zombies (Ossuary)
  6 rats
157 creatures vanquished.

Notes
Turn   | Place    | Note
--------------------------------------------------------------
     0 | D:1      | Eucla the Draconian Fire Elementalist began the quest for the Orb.
     0 | D:1      | Reached XP level 1. HP: 14/14 MP: 3/3
   273 | D:1      | Reached XP level 2. HP: 20/20 MP: 0/5
  1237 | D:2      | Reached XP level 3. HP: 26/26 MP: 2/6
  1754 | D:3      | Learned a level 3 spell: Conjure Flame
  1901 | D:3      | Reached XP level 4. HP: 33/33 MP: 6/8
  1957 | D:3      | Found an opulent altar of Gozag.
  2031 | D:3      | Found a shattered altar of Ashenzari.
  2037 | D:3      | Found a deep blue altar of Sif Muna.
  2573 | D:3      | Noticed tijit's ghost (amateur HEWz)
  2587 | D:3      | Killed tijit's ghost
  2587 | D:3      | Reached skill level 4 in Fire Magic
  2587 | D:3      | Reached XP level 5. HP: 29/38 MP: 2/10
  2742 | D:4      | Found a bloodstained altar of Trog.
  2792 | D:4      | Noticed Edmund
  2813 | D:4      | Killed Edmund
  2813 | D:4      | Reached XP level 6. HP: 45/45 MP: 0/11
  2949 | D:4      | Found a staircase to the Ecumenical Temple.
  2986 | Temple   | Entered the Ecumenical Temple
  3503 | D:4      | Noticed Crazy Yiuf
  3512 | D:4      | Killed Crazy Yiuf
  3827 | D:5      | Entered Level 5 of the Dungeon
  3881 | D:5      | Noticed Blork the orc
  3908 | D:5      | Killed Blork the orc
  4193 | D:5      | Noticed Menkaure
  4210 | D:5      | Killed Menkaure
  4210 | D:5      | Reached skill level 5 in Fire Magic
  4210 | D:5      | Your scales start taking on a glossy black colour.
  4210 | D:5      | Gained mutation: You are resistant to electric shocks. [Black Draconian growth]
  4210 | D:5      | Reached XP level 7. HP: 35/50 MP: 5/13
  4312 | D:5      | Found a snail-covered altar of Cheibriados.
  4348 | D:5      | Noticed Grinder
  4364 | D:5      | Paralysed by Grinder for 4 turns
  4474 | D:5      | Paralysed by Grinder for 7 turns
  4485 | D:5      | Paralysed by Grinder for 7 turns
  4494 | D:5      | Killed Grinder
  4494 | D:5      | Reached skill level 5 in Spellcasting
  4494 | D:5      | Reached skill level 5 in Conjurations
  4945 | D:5      | Reached skill level 6 in Fire Magic
  4945 | D:5      | Reached XP level 8. HP: 31/57 MP: 7/16
  5263 | D:5      | Learned a level 5 spell: Fireball
  5268 | D:5      | Learned a level 4 spell: Sticky Flame
  5740 | D:6      | Found a sand-covered staircase.
  5751 | Ossuary  | Entered an ossuary
  6148 | D:6      | Reached skill level 7 in Fire Magic
  6218 | D:6      | Found a blossoming altar of Fedhas.
  6728 | D:6      | Found a stormy altar of Qazlal.
  7055 | D:6      | Became a worshipper of Qazlal Stormbringer
  7184 | D:6      | Reached XP level 9. HP: 62/62 MP: 12/18
  7189 | D:6      | Got an encrusted whip
  7190 | D:6      | Identified the +1 whip "Fottues" {distort, MR+ Str+3} (You found it on level 6 of the Dungeon)
  7894 | D:8      | Reached * piety under Qazlal
  7990 | D:8      | Noticed Eucla's ghost (novice OgBe)
  8015 | D:8      | Demolished by Eucla's ghost

Action                   |  1- 3 |  4- 6 |  7- 9 || total
-------------------------+-------+-------+-------++-------
Melee: Dagger            |    12 |       |       ||    12
       Unarmed           |     4 |       |       ||     4
       Whip              |     3 |    17 |    12 ||    32
       Glaive            |       |     3 |    51 ||    54
       Staff             |       |       |    18 ||    18
 Cast: Flame Tongue      |    55 |    60 |   249 ||   364
       Conjure Flame     |       |     4 |     5 ||     9
 Abil: Breathe Lightning |       |       |     2 ||     2
  Use: Scroll            |       |       |     5 ||     5
       Potion            |       |       |     1 ||     1
 Stab: Distracted        |       |       |     2 ||     2
  Eat: Chunk             |     3 |     4 |       ||     7
       Fruit             |       |     5 |     2 ||     7
       Pizza             |       |     1 |       ||     1
       Meat ration       |       |       |     2 ||     2
